[Event "Early Titled Tuesday Blitz | February 8 2022"]
[White "Omariev, Maksim"]
[Black "Brodowski, Piotr"]
[WhiteFideId "4193423"]
[BlackFideId "1124480"]
[WhiteElo "2534"]
[BlackElo "2422"]
[Result "0-1"]
[Round "08"]
[TimeControl "180+1"]
[Date "2022.02.08"]
[WhiteClock "0:00:01"]
[BlackClock "0:00:23"]

1. e4 c5 2. Nf3 Nc6 3. d4 cxd4 4. Nxd4 Nf6 5. Nc3 e5 6. Ndb5 d6 7. Bg5 a6 8. Na3 b5 9. Nd5 Be7 10. Bxf6 Bxf6 11. c4 b4 12. Nc2 a5 13. g3 O-O 14. Bg2 g6 15. O-O Bg7 16. Qd3 Nb8 17. Rad1 Nd7 18. Nde3 Ra6 19. b3 Nc5 20. Qe2 Bb7 21. Nd5 f5 22. exf5 gxf5 23. Nce3 Kh8 24. Qh5 Bc8 25. Bh3 Qd7 26. f4 e4 27. g4 Qf7 28. Qxf7 Rxf7 29. Nxf5 Bxf5 30. gxf5 Nd3 31. Bg2 Bd4+ 32. Kh1 Nf2+ 33. Rxf2 Bxf2 34. Bxe4 Bd4 35. Kg2 Bg7 36. Kf3 a4 37. Nxb4 axb3 38. axb3 Rb6 39. Nc6 Rxb3+ 40. Kg4 Bf8 41. h4 Rg7+ 42. Kh5 Rh3 43. f6 Rf7 0-1


[Site "https://www.chess.com"]

[Event "Early Titled Tuesday Blitz | February 8 2022"]
[White "Orlov, Georgi"]
[Black "Niyazgulova, Marina"]
[WhiteFideId "2011271"]
[BlackFideId "24142573"]
[WhiteElo "2467"]
[BlackElo "2075"]
[Result "1-0"]
[Round "08"]
[TimeControl "180+1"]
[Date "2022.02.08"]
[WhiteClock "0:00:10"]
[BlackClock "0:00:01"]

1. d4 d5 2. Nf3 Nf6 3. c4 c6 4. Nc3 dxc4 5. a4 Bf5 6. e3 e6 7. Bxc4 Bb4 8. O-O O-O 9. Qe2 Bg6 10. Ne5 Nbd7 11. Nxg6 hxg6 12. Rd1 Qe7 13. Na2 Bd6 14. f4 c5 15. Nc3 cxd4 16. exd4 Nb6 17. Bb3 a5 18. Qb5 Qc7 19. g3 Rfd8 20. Be3 Bb4 21. Rac1 Qd6 22. Qe2 Nbd5 23. Nb5 Qd7 24. Bf2 Rac8 25. Qf3 Rxc1 26. Rxc1 Rc8 27. Rc4 Rxc4 28. Bxc4 Qc6 29. b3 Bd2 30. Kg2 Bxf4 31. Kg1 Bd2 32. Qe2 Bb4 33. Qf3 Nc3 34. Qxc6 bxc6 35. Na7 Nce4 36. Nxc6 Nxf2 37. Kxf2 Ne4+ 38. Ke2 Nc3+ 39. Kd3 Na2 40. d5 exd5 41. Bxd5 Be1 42. Ke2 Bc3 43. Nd8 1-0


[Site "https://www.chess.com"]

[Event "Early Titled Tuesday Blitz | February 8 2022"]
[White "Orozbaev, Eldiar"]
[Black "Matlakov, Maxim"]
[WhiteFideId "13802240"]
[BlackFideId "4168003"]
[WhiteElo "2050"]
[BlackElo "2661"]
[Result "1-0"]
[Round "08"]
[TimeControl "180+1"]
[Date "2022.02.08"]
[WhiteClock "0:00:04"]
[BlackClock "0:00:03"]

1. e4 c6 2. Nc3 d5 3. Nf3 dxe4 4. Nxe4 Nf6 5. Nxf6+ exf6 6. Bc4 Bd6 7. O-O O-O 8. h3 Nd7 9. d4 Re8 10. c3 Nf8 11. Be3 Ng6 12. d5 c5 13. a3 Qc7 14. Bd3 Bd7 15. c4 Bf4 16. Qd2 Bxe3 17. fxe3 Qd6 18. b4 b6 19. Rfe1 Ne5 20. Nxe5 Rxe5 21. e4 Rae8 22. Rab1 h5 23. Qf2 Rc8 24. b5 Rg5 25. Kh1 Re8 26. a4 Qe5 27. a5 Qc3 28. Re3 bxa5 29. e5 Qd4 30. Rd1 Kf8 31. Be2 Rf5 32. Qg1 Qh4 33. exf6 Rxe3 34. Qxe3 Rxf6 35. Qxc5+ Kg8 36. Qc7 Bxh3 37. Qb8+ Kh7 38. Bd3+ g6 39. Rf1 Rxf1+ 40. Bxf1 Qf2 41. Kh2 Qxf1 42. Kxh3 Qxc4 43. d6 Qg4+ 44. Kh2 a4 45. Qxa7 Qf4+ 46. Kg1 Qxd6 47. Qxa4 Qc5+ 48. Kf1 Kg7 49. Qa6 Qc4+ 50. Ke1 Qe4+ 51. Kf2 Qf4+ 52. Kg1 Qe3+ 53. Kf1 Qd3+ 54. Ke1 Kh7 55. Qc6 Qb1+ 56. Kd2 Qb2+ 57. Ke3 Qb3+ 58. Kd4 h4 59. b6 Qd1+ 60. Ke5 Qe1+ 61. Kf6 Qf2+ 62. Ke7 Qe3+ 63. Kd8 Qd4+ 64. Kc8 Qg4+ 65. Kb8 Qf4+ 66. Ka8 Qe5 67. Qd7 Qa5+ 68. Kb7 Kg7 69. Qd4+ f6 70. Qd7+ Kh6 71. Qd8 g5 72. Qxf6+ Kh5 73. Qf7+ Kh6 74. Kc7 g4 75. Qe6+ Kg5 76. Kc6 h3 77. gxh3 Qc3+ 78. Kb7 gxh3 79. Qd5+ Kf4 80. Qd6+ Kf3 81. Qh6 Kg2 82. Ka8 h2 83. Qg5+ Kf1 84. Qf4+ Kg1 85. Qg4+ Kf2 86. Qh4+ Kg2 87. Qg4+ Qg3 88. Qe2+ Qf2 89. Qg4+ Kf1 90. Qd1+ Qe1 91. Qf3+ Kg1 92. b7 Qa5+ 93. Kb8 h1=Q 94. Qg3+ Qg2 95. Qe3+ Qf2 96. Qg5+ Kf1 97. Qxa5 Qf8+ 98. Ka7 Qf2+ 99. Ka6 Qe2+ 100. Qb5 Kg1 101. Qxe2 1-0


[Site "https://www.chess.com"]

[Event "Early Titled Tuesday Blitz | February 8 2022"]
[White "Ozkan, Taha"]
[Black "Ter-Sahakyan, Samvel"]
[WhiteFideId "34577173"]
[BlackFideId "13302531"]
[WhiteElo "2024"]
[BlackElo "2592"]
[Result "1/2-1/2"]
[Round "08"]
[TimeControl "180+1"]
[Date "2022.02.08"]
[WhiteClock "0:00:25"]
[BlackClock "0:00:08"]

1. d4 Nf6 2. c4 e6 3. Nc3 Bb4 4. Qc2 d5 5. cxd5 exd5 6. Bg5 h6 7. Bxf6 Qxf6 8. a3 Bxc3+ 9. Qxc3 O-O 10. e3 Bf5 11. Nf3 Rc8 12. Bd3 Bxd3 13. Qxd3 Nd7 14. O-O c6 15. b4 Qd6 16. Rfc1 a6 17. a4 Rc7 18. Qb3 Rac8 19. b5 cxb5 20. Rxc7 Qxc7 21. axb5 Qc1+ 22. Qd1 Qxd1+ 23. Rxd1 a5 24. Kf1 Nb6 25. Ra1 a4 26. Ne5 Rc3 27. Ke2 Rb3 28. Nd3 Rxb5 29. Nc5 Rb2+ 30. Kf3 Rb4 31. Nxb7 Nc4 32. Nc5 a3 33. e4 dxe4+ 34. Kxe4 Rb2 35. Nd3 Rc2 36. d5 Kf8 37. Kd4 Nd6 38. Ke3 g5 39. Ne5 f6 40. Ng4 Rc3+ 41. Kd2 Ne4+ 42. Ke2 h5 43. Ne3 Ke7 44. f3 Nc5 45. Kd2 Rd3+ 46. Ke2 Kd7 47. Nc4 Rc3 48. Nxa3 Nb3 49. Rd1 Nc1+ 50. Kd2 Rxa3 51. Kxc1 Kd6 52. Kb2 Re3 53. Rd2 f5 54. Kc2 g4 55. fxg4 hxg4 56. g3 Re5 57. Rd4 Rxd5 58. Rxd5+ Kxd5 59. Kd3 Ke5 60. Ke3 Ke6 61. Kf4 Kf6 62. Ke3 Ke5 63. Kd3 f4 64. gxf4+ Kxf4 65. Ke2 g3 66. hxg3+ Kxg3 1/2-1/2


[Site "https://www.chess.com"]

[Event "Early Titled Tuesday Blitz | February 8 2022"]
[White "Papasimakopoulos, Alexandros"]
[Black "Makarian, Rudik"]
[WhiteFideId "4244125"]
[BlackFideId "44105681"]
[WhiteElo "2340"]
[BlackElo "2486"]
[Result "1-0"]
[Round "08"]
[TimeControl "180+1"]
[Date "2022.02.08"]
[WhiteClock "0:00:41"]
[BlackClock "0:00:03"]

1. d4 Nf6 2. c4 e6 3. Nc3 Bb4 4. Qc2 d5 5. cxd5 exd5 6. Bg5 h6 7. Bh4 O-O 8. e3 Bxc3+ 9. bxc3 c5 10. Nf3 c4 11. Be2 Re8 12. Ne5 Nc6 13. f4 Ne7 14. Bxf6 gxf6 15. Ng4 Bxg4 16. Bxg4 Kg7 17. Kf2 b5 18. a4 b4 19. cxb4 Nc6 20. Qc3 a5 21. bxa5 Nxa5 22. Bd1 Rb8 23. Bc2 Nb3 24. Rab1 Qe7 25. Bxb3 Qa3 26. Qc1 Rxb3 27. Qxa3 Rxa3 28. Rhe1 Kg6 29. Ra1 Rexe3 30. a5 Reb3 31. a6 Rb2+ 32. Kf1 Rxa1 33. Rxa1 Rb8 34. a7 Ra8 35. Ke2 Kf5 36. Kf3 Ke6 37. Ra6+ Kd7 38. Rxf6 Kc7 39. Rxf7+ Kb6 40. Rd7 Rxa7 41. Rxd5 Rc7 42. Rc5 Rd7 43. Rxc4 Kb5 44. Rc5+ Kb4 45. Rc6 1-0


[Site "https://www.chess.com"]

[Event "Early Titled Tuesday Blitz | February 8 2022"]
[White "Papp, Petra"]
[Black "Jakubowska, Anna"]
[WhiteFideId "739049"]
[BlackFideId "1121952"]
[WhiteElo "2259"]
[BlackElo "1924"]
[Result "0-1"]
[Round "08"]
[TimeControl "180+1"]
[Date "2022.02.08"]
[WhiteClock "0:00:23"]
[BlackClock "0:00:28"]

1. d4 d5 2. c4 c6 3. Nf3 Nf6 4. Qb3 e6 5. g3 Bd6 6. Bg2 O-O 7. O-O Nbd7 8. Rd1 Qe7 9. Nc3 dxc4 10. Qxc4 e5 11. Bg5 h6 12. dxe5 Nxe5 13. Nxe5 Bxe5 14. Be3 Be6 15. Qa4 Bxc3 16. bxc3 Bd5 17. Bf1 b5 18. Qb4 Qe6 19. a4 a5 20. Qc5 Rfe8 21. Rd4 Ne4 22. Qb6 Nxc3 23. h4 b4 24. Kh2 b3 25. Rd2 Qe4 26. Bh3 Rab8 27. Qd4 b2 28. Qxc3 bxa1=Q 29. Qxa1 Rb1 0-1


[Site "https://www.chess.com"]

[Event "Early Titled Tuesday Blitz | February 8 2022"]
[White "Pavlidou, Ekaterini"]
[Black "Schut, Han"]
[WhiteFideId "4213262"]
[BlackFideId "1005561"]
[WhiteElo "2127"]
[BlackElo "2057"]
[Result "1-0"]
[Round "08"]
[TimeControl "180+1"]
[Date "2022.02.08"]
[WhiteClock "0:01:40"]
[BlackClock "0:00:27"]

1. d4 Nf6 2. c4 g6 3. Nc3 d5 4. cxd5 Nxd5 5. e4 Nxc3 6. bxc3 Bg7 7. Nf3 c5 8. Be3 Qa5 9. Qd2 Nc6 10. Rc1 cxd4 11. cxd4 Qxd2+ 12. Kxd2 O-O 13. d5 Rd8 14. Bd3 Na5 15. Bg5 Kf8 16. Rc7 Rd7 17. Rhc1 Rxc7 18. Rxc7 f6 19. Be3 Ke8 20. Bxa7 Rxa7 21. Rxc8+ Kd7 22. Rg8 Bh6+ 23. Ke2 b6 24. Bb5+ Kd6 25. Kd3 Kc5 26. a4 Kb4 27. Nd4 Rc7 28. Nc6+ Nxc6 29. Bxc6 Bf4 30. g3 Bd6 31. f4 e6 32. Rd8 exd5 33. Rxd6 dxe4+ 34. Kxe4 Kc5 35. Rxf6 Rxc6 36. Rxc6+ Kxc6 37. Ke5 Kc5 38. g4 Kb4 39. f5 gxf5 40. gxf5 Kxa4 41. f6 b5 42. f7 b4 43. f8=Q b3 1-0


[Site "https://www.chess.com"]

[Event "Early Titled Tuesday Blitz | February 8 2022"]
[White "Petesch, Gabriel"]
[Black "Jaskolka, Tomasz"]
[WhiteFideId "2032465"]
[BlackFideId "1170791"]
[WhiteElo "2374"]
[BlackElo "2054"]
[Result "1-0"]
[Round "08"]
[TimeControl "180+1"]
[Date "2022.02.08"]
[WhiteClock "0:02:39"]
[BlackClock "0:02:24"]

1. Nf3 d5 2. b3 Nf6 3. Bb2 Nbd7 4. e3 c5 5. Be2 e6 6. O-O b6 7. c4 Bb7 8. cxd5 exd5 9. d4 Be7 10. Nbd2 O-O 11. Rc1 Ne4 12. Nxe4 dxe4 13. Nd2 cxd4 14. Bxd4 Bf6 15. Nc4 Bxd4 16. Qxd4 Nf6 17. Nd6 Bd5 18. Nf5 Qd7 19. Bg4 Nxg4 20. Qxg7# 1-0


[Site "https://www.chess.com"]

[Event "Early Titled Tuesday Blitz | February 8 2022"]
[White "Pinheiro, Iung Alicio de O."]
[Black "Prieto Aranguren, Alain"]
[WhiteFideId "2104350"]
[BlackFideId "2268906"]
[WhiteElo "2603"]
[BlackElo "2235"]
[Result "1-0"]
[Round "08"]
[TimeControl "180+1"]
[Date "2022.02.08"]
[WhiteClock "0:00:09"]
[BlackClock "0:00:02"]

1. e4 c6 2. d4 d5 3. e5 Bf5 4. h4 Be6 5. h5 c5 6. dxc5 Nc6 7. a3 Nxe5 8. b4 a5 9. Bb2 Nc6 10. b5 Nb8 11. a4 Nf6 12. h6 gxh6 13. Nd2 Qc7 14. Nb3 Nbd7 15. Bd4 Bg7 16. Bd3 O-O 17. Qe2 Bg4 18. f3 Bh5 19. b6 Qd8 20. O-O-O Re8 21. g4 Bg6 22. f4 Be4 23. Nf3 Nxg4 24. Rhg1 h5 25. Bxg7 Kxg7 26. Bxe4 dxe4 27. Ne5 Nxe5 28. Rxd8 Raxd8 29. fxe5 f5 30. exf6+ exf6 31. Rh1 Kg6 32. Nxa5 Rd7 33. Nc4 f5 34. Nd6 Re5 35. Qb5 Rde7 36. Nc4 Rd5 37. Rg1 e3 38. Qb3 e2 39. Re1 f4 40. Nd2 Kg5 41. Qxd5+ 1-0


[Site "https://www.chess.com"]

[Event "Early Titled Tuesday Blitz | February 8 2022"]
[White "Politov, Pavel Y."]
[Black "Kanyamarala, Trisha"]
[WhiteFideId "24110515"]
[BlackFideId "45004722"]
[WhiteElo "2090"]
[BlackElo "2002"]
[Result "0-1"]
[Round "08"]
[TimeControl "180+1"]
[Date "2022.02.08"]
[WhiteClock "0:00:09"]
[BlackClock "0:00:18"]

1. e4 c5 2. Nf3 d6 3. d4 cxd4 4. Nxd4 Nf6 5. Nc3 Nc6 6. Be2 e5 7. Nb3 h6 8. Be3 Be6 9. O-O Be7 10. f3 O-O 11. Nd5 Bxd5 12. exd5 Nb4 13. c4 b6 14. Nd2 Na6 15. Ne4 Rc8 16. Rc1 Nd7 17. a3 Nac5 18. b4 Nxe4 19. fxe4 Bg5 20. Qd2 Bxe3+ 21. Qxe3 Qg5 22. Qxg5 hxg5 23. Rf5 f6 24. Rf2 Rc7 25. Bg4 Nb8 26. Rf3 a5 27. Be6+ Kh7 28. Rfc3 axb4 29. axb4 Na6 30. Rb3 g6 31. Ra1 Nb8 32. Rc3 Nd7 33. Ra6 Rb8 34. Bxd7 Rxd7 35. c5 bxc5 36. bxc5 Rb1+ 37. Kf2 Rb2+ 38. Kf3 dxc5 39. Rxf6 g4+ 40. Kxg4 Rxg2+ 41. Kh3 Re2 42. Rc4 Rb7 43. Re6 Rb3+ 44. Kg4 Rg2+ 45. Kh4 Rxh2+ 46. Kg4 Rg2+ 47. Kh4 g5+ 48. Kh5 Rh3# 0-1


[Site "https://www.chess.com"]

[Event "Early Titled Tuesday Blitz | February 8 2022"]
[White "Ponkratov, Pavel"]
[Black "Guliyev, Namig"]
[WhiteFideId "4157800"]
[BlackFideId "13400363"]
[WhiteElo "2487"]
[BlackElo "2487"]
[Result "1-0"]
[Round "08"]
[TimeControl "180+1"]
[Date "2022.02.08"]
[WhiteClock "0:00:52"]
[BlackClock "0:00:20"]

1. d4 d5 2. c4 dxc4 3. e4 Nf6 4. e5 Nd5 5. Bxc4 Bf5 6. Nf3 e6 7. Nc3 c6 8. O-O Be7 9. h3 O-O 10. Re1 Nd7 11. Ne4 Bxe4 12. Rxe4 Re8 13. a3 b5 14. Bd3 Qb6 15. Ng5 h6 16. Nxf7 Kxf7 17. Qh5+ Kg8 18. Rg4 Bg5 19. Bxg5 hxg5 20. Qh7+ Kf7 21. Qh5+ Kf8 22. Bg6 Rec8 23. Rd1 c5 24. Rd3 Nf4 25. Qxg5 Nxg6 26. Qxg6 cxd4 27. Qxg7+ Ke8 28. Rgxd4 Nf8 29. Rf4 Rc1+ 30. Kh2 Qc5 31. Qf7# 1-0


[Site "https://www.chess.com"]

[Event "Early Titled Tuesday Blitz | February 8 2022"]
[White "Pourramezanali, Amirreza"]
[Black "Xiong, Jeffery"]
[WhiteFideId "12511412"]
[BlackFideId "2047640"]
[WhiteElo "2376"]
[BlackElo "2727"]
[Result "0-1"]
[Round "08"]
[TimeControl "180+1"]
[Date "2022.02.08"]
[WhiteClock "0:00:04"]
[BlackClock "0:00:17"]

1. d4 d5 2. c4 e6 3. Nc3 c5 4. cxd5 cxd4 5. Qa4+ Bd7 6. Qxd4 exd5 7. Qxd5 Nf6 8. Qd1 Bc5 9. Nf3 Nc6 10. e3 Qe7 11. a3 O-O-O 12. Qc2 Kb8 13. Be2 g5 14. b4 g4 15. bxc5 gxf3 16. Bxf3 Nd4 17. Qd1 Bf5 18. O-O Nc2 19. Qe2 Bd3 20. Qd2 Nxa1 21. Qb2 Bxf1 22. Kxf1 Rhg8 23. c6 Rg5 24. e4 Rc5 25. Bf4+ Kc8 26. e5 Nd5 27. Nxd5 Rdxd5 28. Bg4+ Kb8 29. e6+ Ka8 30. exf7 Rxc6 31. Qh8+ Rd8 32. Qxa1 Qxf7 33. Be3 Re8 34. Bf3 Rc2 35. Kg1 Qc7 36. h3 Rxe3 37. Qh8+ Qc8 38. Qxc8+ Rxc8 39. fxe3 Rc3 40. e4 Rxa3 41. Kf2 Kb8 42. Bg4 Kc7 43. Bf5 h6 44. h4 Kd6 45. g4 Ke5 46. g5 hxg5 47. h5 Ra6 48. Kf3 Ra1 49. Kg2 b5 50. h6 Ra6 51. h7 Rh6 0-1


[Site "https://www.chess.com"]

[Event "Early Titled Tuesday Blitz | February 8 2022"]
[White "Praggnanandhaa R"]
[Black "Sarana, Alexey"]
[WhiteFideId "25059530"]
[BlackFideId "24133795"]
[WhiteElo "2599"]
[BlackElo "2665"]
[Result "0-1"]
[Round "08"]
[TimeControl "180+1"]
[Date "2022.02.08"]
[WhiteClock "0:00:58"]
[BlackClock "0:02:20"]

1. Nf3 d5 2. g3 Nf6 3. Bg2 g6 4. b3 Bg7 5. Bb2 c5 6. c4 d4 7. b4 O-O 8. O-O Nfd7 9. d3 Nc6 10. bxc5 Nxc5 11. Nbd2 Bg4 12. a4 e5 13. Ba3 b6 14. a5 Re8 0-1


[Site "https://www.chess.com"]

[Event "Early Titled Tuesday Blitz | February 8 2022"]
[White "Praslov, Andrey"]
[Black "parintele_chess"]
[WhiteFideId "4147863"]
[WhiteElo "2365"]
[BlackElo "2236"]
[Result "1-0"]
[Round "08"]
[TimeControl "180+1"]
[Date "2022.02.08"]
[WhiteClock "0:00:08"]
[BlackClock "0:00:02"]

1. d4 d5 2. c4 e6 3. Nc3 a6 4. c5 Nc6 5. Bf4 Nf6 6. e3 Be7 7. Nf3 h6 8. Rb1 O-O 9. Be2 a5 10. a3 b6 11. b4 axb4 12. axb4 Ra3 13. Nb5 Ra2 14. Bxc7 Qd7 15. Bxb6 Ba6 16. Nc3 Bxe2 17. Nxe2 Ne4 18. O-O Rfa8 19. b5 Nd8 20. Ne5 Qe8 21. Bxd8 Bxd8 22. b6 f6 23. Nf3 Qc6 24. Qd3 R8a3 25. Qb5 Qxb5 26. Rxb5 Rxe2 27. b7 Bc7 28. b8=Q+ Bxb8 29. Rxb8+ Kh7 30. Rb6 Raa2 31. Rxe6 Nxf2 32. c6 Ne4 33. Nh4 Rxe3 34. Rc1 Rc2 35. Rf1 Rec3 36. Nf5 Rxc6 37. Re7 Rc7 38. Re8 Rb2 39. Ne3 Ra7 40. Nxd5 Ng5 41. h4 Raa2 42. Nf4 Nf7 43. h5 Nh8 44. Rfe1 Rd2 45. d5 Rd4 46. g3 Ra3 47. Kf2 Ra2+ 48. R1e2 Rxe2+ 49. Kxe2 Ra4 50. Ke3 Ra3+ 51. Kf2 Ra2+ 52. Kf3 Ra3+ 53. Kg4 f5+ 54. Kxf5 Rxg3 55. Re7 Rf3 56. d6 Rxf4+ 57. Kxf4 Nf7 58. Rxf7 Kg8 59. Ra7 Kh7 60. d7 Kh8 61. d8=Q+ Kh7 62. Qe7 1-0


[Site "https://www.chess.com"]

[Event "Early Titled Tuesday Blitz | February 8 2022"]
[White "Przybylski, Wojciech"]
[Black "Sahil, Tickoo"]
[WhiteFideId "1117599"]
[BlackFideId "5019710"]
[WhiteElo "2133"]
[BlackElo "2099"]
[Result "1-0"]
[Round "08"]
[TimeControl "180+1"]
[Date "2022.02.08"]
[WhiteClock "0:00:12"]
[BlackClock "0:00:01"]

1. d4 d5 2. c4 e6 3. Nf3 Nf6 4. Nc3 Be7 5. Bf4 O-O 6. e3 b6 7. Rc1 c5 8. a3 Bb7 9. Be2 Nc6 10. cxd5 Nxd5 11. Nxd5 Qxd5 12. dxc5 bxc5 13. O-O Rfd8 14. Qxd5 exd5 15. Rc2 d4 16. exd4 Nxd4 17. Nxd4 Rxd4 18. Be3 Rd7 19. Bc4 Rad8 20. h3 Be4 21. Rcc1 Rb8 22. b3 Bf5 23. Rfd1 Rbd8 24. Rxd7 Rxd7 25. Kf1 h6 26. Ke2 Rb7 27. a4 Rd7 28. g4 Be4 29. f3 Bb7 30. a5 Bg5 31. f4 Be7 32. a6 Bd5 33. Bxd5 Rxd5 34. b4 cxb4 35. Rc7 Bf6 36. Rxa7 Ra5 37. Ra8+ Kh7 38. a7 b3 39. Rb8 b2 40. Kd2 1-0


[Site "https://www.chess.com"]

[Event "Early Titled Tuesday Blitz | February 8 2022"]
[White "Qashashvili, Alexandre"]
[Black "Zavgorodniy, Sergiy"]
[WhiteFideId "13600842"]
[BlackFideId "14110148"]
[WhiteElo "2316"]
[BlackElo "2420"]
[Result "0-1"]
[Round "08"]
[TimeControl "180+1"]
[Date "2022.02.08"]
[WhiteClock "0:00:35"]
[BlackClock "0:00:59"]

1. e4 e5 2. Nf3 d6 3. Bc4 Be7 4. d4 exd4 5. Nxd4 Nf6 6. Nc3 O-O 7. O-O c6 8. Bg5 b5 9. Bd3 a6 10. a3 c5 11. Nf5 Bxf5 12. exf5 d5 13. Be2 d4 14. Bxf6 Bxf6 15. Ne4 Nd7 16. Bf3 Rb8 17. Re1 h6 18. Nxf6+ Qxf6 19. Qd3 Ne5 20. Qe4 Rfe8 21. Qf4 Re7 22. Be4 Rbe8 23. f3 Nc4 24. b3 Ne3 25. Qg3 Rxe4 26. fxe4 Nxc2 27. Rac1 Nxe1 28. Rxe1 c4 29. Qf4 d3 30. e5 Qg5 31. Qd4 Rd8 32. Qc3 d2 33. Rd1 Rd3 34. Qc2 Qe3+ 35. Kh1 Qe1+ 0-1


[Site "https://www.chess.com"]

[Event "Early Titled Tuesday Blitz | February 8 2022"]
[White "Rakhmanov, Aleksandr"]
[Black "Shimelkov, Vasiliy"]
[WhiteFideId "4173708"]
[BlackFideId "13701630"]
[WhiteElo "2500"]
[BlackElo "2073"]
[Result "1-0"]
[Round "08"]
[TimeControl "180+1"]
[Date "2022.02.08"]
[WhiteClock "0:01:09"]
[BlackClock "0:01:39"]

1. c4 c5 2. Nc3 Nc6 3. g3 g6 4. Bg2 Bg7 5. b3 e6 6. Ba3 b6 7. e3 Nge7 8. Nge2 O-O 9. O-O d5 10. cxd5 exd5 11. d4 Ba6 12. dxc5 Bxe2 13. Nxe2 Bxa1 14. Qxa1 bxc5 15. Bxc5 Re8 16. b4 Nf5 17. Rd1 Qc7 18. Nf4 Nce7 19. g4 Nd6 20. Bxd5 Rad8 21. Qf6 Rf8 22. Bd4 1-0


[Site "https://www.chess.com"]

[Event "Early Titled Tuesday Blitz | February 8 2022"]
[White "Ratnakaran, K."]
[Black "Arabidze, Meri"]
[WhiteFideId "5005507"]
[BlackFideId "13604040"]
[WhiteElo "2391"]
[BlackElo "2329"]
[Result "0-1"]
[Round "08"]
[TimeControl "180+1"]
[Date "2022.02.08"]
[WhiteClock "0:00:08"]
[BlackClock "0:00:10"]

1. e4 c5 2. Nf3 e6 3. d3 Nc6 4. g3 Nf6 5. Bg2 d6 6. O-O Be7 7. Re1 O-O 8. c3 Bd7 9. Nbd2 Rc8 10. Nf1 b5 11. h4 b4 12. N1h2 bxc3 13. bxc3 e5 14. d4 cxd4 15. cxd4 Nb4 16. dxe5 dxe5 17. Re2 Bb5 18. Rd2 Qc7 19. Bb2 Nxe4 20. Bxe5 Qb6 21. Bd4 Qa5 22. Rb2 Rfd8 23. Qe1 Bd3 24. a3 Nc6 25. Qxa5 Nxa5 26. Bxa7 Bf6 27. Rba2 Bxa1 28. Rxa1 Nb3 29. Rd1 Rc1 30. Rxc1 Nxc1 31. a4 Ne2+ 32. Kf1 Ra8 33. Ne5 Ba6 34. Be3 Nf4+ 35. Kg1 Nxg2 36. Kxg2 Bb7 37. f3 Nc3 38. g4 Rxa4 39. Kg3 Ne2+ 40. Kf2 Nd4 41. Bxd4 Rxd4 42. Ke3 Ra4 43. g5 Rxh4 44. Nhg4 Rh1 45. Kf4 Rf1 46. Ne3 Rf2 47. Kg3 Re2 48. Kf4 f6 49. gxf6 gxf6 50. N5g4 Kf7 51. Nf5 Bd5 52. Ngh6+ Kg6 53. Ng4 h5 54. Nge3 Bb3 55. Nh4+ Kf7 56. Nef5 Be6 57. Nd4 Rh2 58. Nhf5 Rd2 59. Ke3 Rd1 60. Nh4 Rh1 61. Ng2 h4 62. Nf4 h3 63. Ndxe6 h2 64. Kf2 Ra1 65. Nd8+ Ke8 66. Nb7 h1=Q 67. Nd6+ Kf8 68. Ne4 Qg1+ 69. Ke2 Ra2+ 70. Kd3 Qd1+ 71. Kc4 Rc2+ 72. Nc3 Qxf3 73. Nd5 Qf1+ 74. Kd4 Rxc3 75. Nxc3 f5 0-1


[Site "https://www.chess.com"]

[Event "Early Titled Tuesday Blitz | February 8 2022"]
[White "Reprintsev, Alexander"]
[Black "Kucuksari, Kaan"]
[WhiteFideId "14100541"]
[BlackFideId "6380166"]
[WhiteElo "2126"]
[BlackElo "2305"]
[Result "0-1"]
[Round "08"]
[TimeControl "180+1"]
[Date "2022.02.08"]
[WhiteClock "0:00:35"]
[BlackClock "0:01:43"]

1. e4 d5 2. exd5 Qxd5 3. Nc3 Qd6 4. g3 Nf6 5. Bg2 c6 6. d3 Bg4 7. Nge2 Nbd7 8. h3 Bxe2 9. Qxe2 e6 10. Bf4 Qb4 11. O-O-O Bd6 12. a3 Bxf4+ 13. gxf4 Qxf4+ 14. Kb1 O-O-O 15. h4 Nd5 16. Ne4 N7f6 17. h5 h6 18. Nd2 Ng4 19. Rdf1 Kb8 20. Nc4 Qd4 21. c3 Nf4 22. Qxg4 Qxd3+ 23. Ka1 Qxc4 24. Rh4 e5 25. Qxg7 Qe2 26. Rxf4 exf4 27. Qxf7 f3 28. Qxf3 Qxf3 29. Bxf3 Rhf8 30. Be4 Rde8 31. Bg6 Re3 32. f4 Kc7 33. f5 Rf6 34. Rd1 Rd6 35. Rxd6 Kxd6 36. f6 Rf3 37. f7 Ke7 38. Ka2 Rxf7 39. Bxf7 Kxf7 40. Kb3 Kf6 41. Kc4 Kg5 42. Kc5 Kxh5 43. Kd6 Kg4 44. Kc7 h5 45. Kxb7 h4 46. a4 h3 47. a5 h2 48. a6 h1=Q 49. Kxa7 Qd5 0-1


[Site "https://www.chess.com"]

[Event "Early Titled Tuesday Blitz | February 8 2022"]
[White "Rodchenkov, Sergey D."]
[Black "Lakshmi C"]
[WhiteFideId "4168712"]
[BlackFideId "25035347"]
[WhiteElo "2306"]
[BlackElo "1775"]
[Result "1-0"]
[Round "08"]
[TimeControl "180+1"]
[Date "2022.02.08"]
[WhiteClock "0:00:10"]
[BlackClock "0:00:03"]

1. e4 e5 2. Nf3 Nc6 3. Bc4 Be7 4. d3 Nf6 5. O-O O-O 6. a4 d6 7. Nc3 Bg4 8. h3 Bh5 9. Be3 Kh8 10. Nd5 Nxd5 11. Bxd5 Bg6 12. g4 Qc8 13. Nd2 Nd8 14. Re1 c6 15. Ba2 h6 16. Nf1 Ne6 17. Ng3 Bg5 18. Bxe6 fxe6 19. Bxg5 hxg5 20. Qd2 Qd8 21. f3 Qf6 22. Rf1 Qf4 23. Qxf4 Rxf4 24. Kg2 Kg8 25. a5 Kf8 26. a6 b6 27. Ne2 Rf6 28. c3 Ke7 29. d4 exd4 30. Nxd4 Kd7 31. Rad1 Kc7 32. b4 Bf7 33. b5 c5 34. e5 dxe5 35. Nc6 Be8 36. Nxe5 Bxb5 37. c4 Ba4 38. Ra1 Bc6 39. Rad1 Raf8 40. Rd3 b5 41. Rc1 b4 42. Rcd1 Ba4 43. Ra1 Bc6 44. Ra5 Kb6 45. Ra1 Kc7 46. Rad1 Ba4 47. R1d2 b3 48. Nd7 Bxd7 49. Rxd7+ Kb6 50. R7d3 Kxa6 51. Rxb3 e5 52. Ra2# 1-0


[Site "https://www.chess.com"]

[Event "Early Titled Tuesday Blitz | February 8 2022"]
[White "Rudzinska, Michalina"]
[Black "Bettalli, Francesco"]
[WhiteFideId "1172883"]
[BlackFideId "2816453"]
[WhiteElo "1904"]
[BlackElo "2216"]
[Result "1-0"]
[Round "08"]
[TimeControl "180+1"]
[Date "2022.02.08"]
[WhiteClock "0:01:30"]
[BlackClock "0:01:58"]

1. f4 e5 2. fxe5 d6 3. exd6 Bxd6 4. Nf3 g5 5. e4 g4 6. d4 gxf3 7. Qxf3 h5 8. e5 Be7 9. Bc4 Be6 10. Bxe6 fxe6 11. O-O Qd5 12. Qf7+ Kd7 13. Be3 Nc6 14. Nc3 Qc4 15. d5 exd5 16. e6+ Kd8 17. Nxd5 b6 18. Qf8+ 1-0


[Site "https://www.chess.com"]

[Event "Early Titled Tuesday Blitz | February 8 2022"]
[White "Samunenkov, Ihor"]
[Black "Yoo, Christopher Woojin"]
[WhiteFideId "14187086"]
[BlackFideId "30909694"]
[WhiteElo "2406"]
[BlackElo "2105"]
[Result "0-1"]
[Round "08"]
[TimeControl "180+1"]
[Date "2022.02.08"]
[WhiteClock "0:00:05"]
[BlackClock "0:00:06"]

1. d4 Nf6 2. c4 e6 3. Nf3 d5 4. g3 Be7 5. Bg2 O-O 6. Qc2 c5 7. dxc5 Qa5+ 8. Nc3 dxc4 9. O-O Qxc5 10. Bg5 Nc6 11. Bxf6 Bxf6 12. Ne4 Qe7 13. Nxf6+ Qxf6 14. Nd2 Bd7 15. Ne4 Qe7 16. Qxc4 Rfd8 17. Qc5 Be8 18. Rac1 Rac8 19. e3 b6 20. Qxe7 Nxe7 21. Rxc8 Nxc8 22. Rc1 Nd6 23. Rd1 Nb7 24. Rxd8 Nxd8 25. Nd6 Bc6 26. Bxc6 Nxc6 27. Kf1 Kf8 28. Ke2 Ke7 29. Nb5 e5 30. g4 Ke6 31. Nc3 g6 32. f4 f5 33. g5 a6 34. h4 b5 35. a3 Na5 36. b4 Nc4 37. a4 Nd6 38. Kd3 bxa4 39. Nxa4 Kd5 40. Nc3+ Ke6 41. Na4 Ne4 42. Nb6 Nf2+ 43. Ke2 Ne4 44. Kd3 Nf2+ 45. Ke2 Ng4 46. Kd3 Kd6 47. Nc4+ Kd5 48. Nb6+ Kc6 49. Nc4 exf4 50. exf4 Kb5 51. Kc3 Nf2 52. Nd6+ Kc6 53. Nf7 Kd5 54. Ne5 Ke4 55. Nc4 Kxf4 56. Kd4 Kg3 57. Kc5 Ne4+ 58. Kb6 f4 59. Kxa6 f3 60. b5 f2 61. Ne3 Kf3 62. Nf1 Ke2 63. Nh2 f1=Q 64. Nxf1 Kxf1 65. b6 Nd6 66. b7 Nxb7 67. Kxb7 Kg2 68. Kc7 Kg3 69. Kd7 Kxh4 0-1


[Site "https://www.chess.com"]